AoeStats
← s6elhore

Arena

505407752Analyzed
1v1 RM · 25d ago on Sep 9, 2026· 50m 10s· 2 players
Game mode
Random Map
Map size
Tiny (2 player)
Population
200
Speed
Normal
Resources
Standard
Victory
Conquest
Starting age
Dark Age
Ending age
Imperial Age
RankedLock teamsTeams togetherTeam positionsShared explorationLock speedFull tech treeHidden civsTurbo modeCheats
Victory
Defeat
🇩🇪 Japanese · Germany
526
+18
🇨🇳 Celts · China
562
-18
s6elhore
10:31 Feudal Age
15:24 Castle Age
14:26 Double-Bit Axe
15:39 Horse Collar
28:09 Heavy Plow
30:33 Bow Saw
30:40 Forging
30:32 Scale Mail Armor
31:56 Gold Mining
33:12 Iron Casting
33:29 Gold Shaft Mining
34:01 Chain Mail Armor
34:41 Wheelbarrow
33:52 Town Watch
38:59 Imperial Age
37:44 Gambesons
38:03 Squires
37:25 Pikeman
37:35 Pikeman
38:01 Arson
39:10 Ballistics
39:31 Capped Ram
41:29 Blast Furnace
41:00 Plate Mail Armor
44:01 Conscription
fake2
11:04 Feudal Age
14:56 Castle Age
13:01 Double-Bit Axe
24:53 Horse Collar
26:32 Heavy Plow
28:52 Loom
30:39 Wheelbarrow
32:42 Stone Mining
34:38 Stone Shaft Mining
33:57 Gold Mining
34:46 Bow Saw
35:44 Man-at-Arms
37:31 Gold Shaft Mining
36:59 Long Swordsman
37:25 Gambesons
37:44 Murder Holes
38:10 Ballistics
38:19 Gambesons
38:26 Arson
41:18 Imperial Age
39:26 Forging
39:17 Scale Mail Armor
39:41 Masonry
43:09 Two-Handed Swordsman
45:38 Champion
45:51 Champion
47:13 Iron Casting
46:53 Chain Mail Armor
47:08 Capped Ram
48:58 Conscription
50:57 Blast Furnace
50:28 Plate Mail Armor
Connection lost

Rejoining the realm…

Still unreachable

The connection could not be restored.

Session expired

The server has moved on; the page needs a fresh start.